 Dungeon Crawl Stone Soup version 0.30.0-19-g36f170ea60 (webtiles) character file.

Game seed: 7936544417164133282

3675 Peloso the Carver (level 9, -6/68 (81) HPs)
             Began as a Minotaur Fighter on June 1, 2023.
             Was a Follower of Okawaru.
             Mangled by an orc knight
             ... wielding a +0 halberd
              (19 damage)
             ... in a bailey.
             The game lasted 00:16:52 (7259 turns).

Peloso the Carver (Minotaur Fighter)                Turns: 7259, Time: 00:16:52

HP:   -6/68 (81)    AC: 14    Str: 29    XL:     9   Next: 89%
MP:   7/8           EV:  8    Int:  5    God:    Okawaru [*.....]
Gold: 215           SH:  5    Dex: 12    Spells: 8/8 levels left

rFire   + . .        a - +0 long sword
rCold   + . .        d - +0 buckler
rNeg    . . .        f - +0 plate armour
rPois   .            (helmet restricted)
rElec   .            g - scarf {rC+ rF+}
rCorr   .            (no gloves)
SInv    .            (no boots)
Will    .....        (no amulet) Stlth
                     u - +6 ring of strength
HPRegen 0.31/turn    (no ring)
MPRegen 0.11/turn

%: no passive effects
@: hasted, heavily drained, very quick
A: horns 2, retaliatory headbutt
a: Renounce Religion, Heroism


You were in a bailey.
You worshipped Okawaru.
Okawaru was aware of your devotion.
You visited 2 branches of the dungeon, and saw 8 of its levels.
You also visited: Bailey.

You collected 502 gold pieces.
You spent 287 gold pieces at shops.

Inventory:

Hand Weapons
 a - a +0 long sword (weapon)
 b - a +1 short sword of flaming
Missiles
 q - 5 throwing nets (quivered)
Armour
 c - a +0 chain mail
 d - a +0 buckler (worn)
 f - a +0 plate armour (worn)
 g - a scarf of resistance (worn)
Jewellery
 u - a +6 ring of strength (left hand)
Wands
 l - a wand of flame (41)
 x - a wand of polymorph (10)
Scrolls
 e - a scroll of blinking
 h - a scroll of poison
 i - 2 scrolls of teleportation
 j - 2 scrolls of amnesia {unknown}
 n - 3 scrolls of immolation {unknown}
 v - a scroll of magic mapping
 w - 2 scrolls of noise {unknown}
 y - a scroll of enchant armour {unknown}
 A - a scroll of enchant weapon {unknown}
Potions
 k - a potion of curing
 m - a potion of haste
 o - a potion of degeneration {unknown}
 p - 3 potions of attraction {unknown}
 r - a potion of flight
 s - a potion of magic {unknown}
 t - 2 potions of ambrosia {unknown}
 z - 4 potions of mutation
 B - 3 potions of heal wounds


   Skills:
 + Level 7.9 Fighting
 + Level 10.7 Long Blades
 + Level 9.6 Armour
 + Level 2.6 Dodging
 + Level 1.0 Stealth
 + Level 7.1 Shields
 + Level 0.7 Unarmed Combat


You had 8 spell levels left.
You didn't know any spells.
Your spell library contained the following spells:

 Spells                   Type           Power      Damage    Failure   Level
 Blink                    Tloc           0%         N/A       100%        2
 Cause Fear               Hex            0%         N/A       100%        4
 Manifold Assault         Tloc           0%         N/A       100%        4
 Dragon Form              Tmut           0%         N/A       100%        7
 Storm Form               Tmut/Air       0%         N/A       100%        7
 Summon Small Mammal      Summ           Unusable   N/A       N/A         1
 Call Canine Familiar     Summ           Unusable   N/A       N/A         3
 Summon Guardian Golem    Hex/Summ       Unusable   N/A       N/A         3
 Dragon's Call            Summ           Unusable   N/A       N/A         9

Dungeon Overview and Level Annotations

Branches:
Dungeon (7/15)             Temple (1/1) D:5          Bailey (1/1)

Altars:
Ashenzari
Cheibriados
Dithmenos
Gozag
Makhleb
Nemelex Xobeh
Okawaru
Ru
Trog
Uskayaw
Wu Jian
Yredelemnul
Zin
The Shining One

Shops:
D:2 ?[   D:4 (   D:5 *

Annotations:
D:4 1 runed translucent door, Zlot's ghost, amateur DsBr


Innate Abilities, Weirdness & Mutations

You have a pair of horns on your head.
You reflexively headbutt those who attack you in melee.


Message History

Your headbutt misses the orc knight.
The orc knight is lightly wounded.
You barely miss the orc knight.
The orc knight is lightly wounded.
The orc knight hits you with a +0 halberd.
The gnoll hits you from afar with a +2 halberd of draining.
You feel drained.
You closely miss the orc knight.
The orc knight is lightly wounded.
You closely miss the orc knight.
The orc knight is lightly wounded.
The orc knight hits you with a +0 halberd!
The gnoll barely misses you.
You closely miss the orc knight.
The orc knight is lightly wounded.
You closely miss the orc knight.
The orc knight is lightly wounded.
You feel like a meek peon again. You block the orc knight's attack.
The gnoll hits you from afar with a +2 halberd of draining.
You feel drained.
You slash the orc knight!
The orc knight is moderately wounded.
You slash the orc knight!
The orc knight is heavily wounded.
The orc knight hits you with a +0 halberd!
The gnoll hits you but does no damage.
You feel drained.
You slash the orc knight!
The orc knight is heavily wounded.
You hit the orc knight but do no damage.
The orc knight is heavily wounded.
The orc knight hits you with a +0 halberd!
* * * LOW HITPOINT WARNING * * *
The gnoll barely misses you.
You closely miss the orc knight.
The orc knight is heavily wounded.
You slash the orc knight!
The orc knight is severely wounded.
The orc knight hits you with a +0 halberd!!
You die...

#.###.###.#g#
##'##)##'###+
+##+
##.....##
!.!#
#.....###
!.!.#
+..)..')#
.⌠.!+
#.....###
.!.! #.....##
#!.
#'##+##'###g#
#.# ##)@o# ##
#####


You could see an orc knight and a gnoll.

Vanquished Creatures
  Eustachio (D:4)
  2 water moccasins
  2 orc warriors
  2 sky beasts (D:7)
  2 black bears
  5 ogres
  3 centaurs (D:6)
  4 kobold brigands (D:6)
  A wyvern zombie (D:5)
  3 scorpions (D:5)
  9 wights
  4 hounds
  3 orc priests
  A jelly (D:6)
  3 gnoll boudas
  Crazy Yiuf (D:5)
  6 sleepcaps
  Natasha (thrice) (D:2)
  A scorpion zombie (D:3)
  4 orc wizards
  A hound zombie (D:5)
  9 adders
  21 gnolls
  An ufetubus (D:4)
  An adder skeleton (D:3)
  An adder zombie (D:3)
  5 dart slugs
  17 orcs
  9 ball pythons
  10 bats
  5 endoplasms (D:1)
  2 giant cockroaches
  7 goblins
  17 hobgoblins
  2 jackals (D:3)
  21 kobolds
  A quokka (D:3)
  A frilled lizard (D:1)
  A quokka zombie (D:3)
  3 rats
195 creatures vanquished.

Notes
Turn   | Place    | Note
-------+----------+-------------------------------------------
     0 | D:1      | Peloso the Minotaur Fighter began the quest for the Orb.
     0 | D:1      | Reached XP level 1. HP: 19/19 MP: 0/0
    31 | D:1      | Found a faded altar of an unknown god.
    33 | D:1      | Noticed a golden eye
    33 | D:1      | Noticed a great orb of eyes
    34 | D:1      | Noticed an eye of devastation
    34 | D:1      | Noticed a floating eye
    90 | D:1      | Reached XP level 2. HP: 11/27 MP: 1/1
   197 | D:1      | Reached skill level 3 in Long Blades
   316 | D:1      | Reached XP level 3. HP: 33/33 MP: 2/2
   739 | D:2      | Found Latoneu's Magic Scroll Boutique.
   792 | D:2      | Reached skill level 1 in Dodging
   821 | D:2      | Found a broken altar of Ashenzari.
   830 | D:2      | Found Yleubi Dece's Armour Shoppe.
   979 | D:2      | Noticed Natasha
   990 | D:2      | Killed Natasha
   991 | D:2      | Reached XP level 4. HP: 39/40 MP: 3/3
  1124 | D:2      | Noticed Natasha
  1130 | D:2      | Killed Natasha
  1528 | D:3      | Reached skill level 5 in Shields
  1528 | D:3      | Reached XP level 5. HP: 46/46 MP: 4/4
  1560 | D:3      | Reached skill level 4 in Long Blades
  2000 | D:2      | Noticed Natasha
  2007 | D:2      | Killed Natasha
  2028 | D:2      | Bought a scroll of magic mapping for 75 gold pieces
  2028 | D:2      | Bought a scroll of identify for 20 gold pieces
  2073 | D:4      | Noticed Eustachio
  2077 | D:4      | Found a runed translucent door.
  2079 | D:4      | Noticed Zlot's ghost (amateur DsBr)
  2105 | D:4      | Killed Eustachio
  2106 | D:4      | Reached skill level 5 in Long Blades
  2106 | D:4      | Reached skill level 5 in Armour
  2106 | D:4      | Reached XP level 6. HP: 30/53 MP: 5/5
  2639 | D:4      | Found a glowing silver altar of Zin.
  2680 | D:4      | Reached XP level 7. HP: 59/60 MP: 6/6
  2701 | D:4      | Found Voyqinlezo's Antique Weapon Shop.
  2886 | D:5      | Entered Level 5 of the Dungeon
  2894 | D:5      | Reached skill level 6 in Long Blades
  2902 | D:5      | Reached skill level 5 in Fighting
  3357 | D:5      | HP: 2/61 [orc warrior/+2 hand axe of freezing (8)]
  3364 | D:4      | HP: 2/61 [orc warrior/+2 hand axe of freezing (2)]
  3372 | D:4      | Reached skill level 7 in Long Blades
  3372 | D:4      | Reached XP level 8. HP: 7/69 MP: 7/7
  3883 | D:5      | Reached skill level 8 in Long Blades
  3930 | D:5      | Found Mibinuashre's Merry Market.
  4010 | D:5      | Found a staircase to the Ecumenical Temple.
  4042 | Temple   | Entered the Ecumenical Temple
  4047 | Temple   | Became a worshipper of Warmaster Okawaru
  4122 | D:5      | Found a basalt altar of Yredelemnul.
  4237 | D:5      | Reached skill level 9 in Long Blades
  4367 | D:5      | Found a runed translucent door.
  4368 | D:5      | Noticed Crazy Yiuf
  4374 | D:5      | Killed Crazy Yiuf
  4726 | D:6      | Reached * piety under Okawaru
  4727 | D:6      | Reached XP level 9. HP: 38/78 MP: 8/8
  5014 | D:5      | Reached skill level 10 in Long Blades
  5550 | D:5      | Bought 2 potions of mutation for 192 gold pieces
  6676 | D:7      | Found a sparkling altar of Nemelex Xobeh.
  6677 | D:7      | Found a glowing golden altar of the Shining One.
  6813 | D:7      | Reached skill level 1 in Stealth
  6883 | D:7      | Found a flagged portal.
  6905 | Bailey   | Entered a bailey
  7238 | Bailey   | Noticed an orc knight
  7259 | Bailey   | Mangled by an orc knight

Illustrated notes

Levels and vault maps discovered:
D:1:      kennysheep_arrival_forest, layout_rooms,
          hellmonk_ecumenical_altar_watching_god
D:2:      layout_basic, serial_forest, infiniplex_forest_corner_1,
          infiniplex_forest_straight_1, infiniplex_forest_lined_3,
          infiniplex_forest_lined_1, infiniplex_forest_clump_double,
          infiniplex_forest_clump_medium, infiniplex_forest_lined_4_way,
          basic_altar, serial_shops, nicolae_shop_trees, shop, uniq_natasha
D:3:      layout_loops_ring, serial_undead, serial_undead_c, serial_undead_b,
          serial_undead_b, serial_undead_e, minmay_misc_feat_diagonals
D:4:      layout_rooms, zin_academy, ebering_ghost_sewer_d, serial_shops,
          kennysheep_mini_moat, uniq_eustachio
D:5:      layout_cave_pools, lemuel_zombie_altar_yredelemnul,
          minmay_temple_entry_junction, chequers_decorated_corner,
          nicolae_alphabet_shops, uniq_crazy_yiuf_cottage
D:6:      kennysheep_housing_project, layout_loops_ring
D:7:      layout_basic, jmf_multi_god_temple, enter_bailey_4,
          kennysheep_pointless_box, hellmonk_no_cap
Temple:   compressed_dpeg_triangle_lava_temple
Bailey:   bailey_polearm_nasty_gnolls, bailey

Skill      XL: |  1  2  3  4  5  6  7  8  9 |
---------------+----------------------------+-----
Long Blades    | 3 5 7 9 10 | 10.7
Shields        | 4 5 6 7 |  7.1
Fighting       | 4 5 6 7 |  7.9
Dodging        | 1 2 |  2.6
Armour         | 4 5 6 7 9 |  9.6
Stealth        | 1 |  1.0
Unarmed Combat | |  0.7

Action                     |  1- 3 |  4- 6 |  7- 9 || total
---------------------------+-------+-------+-------++-------
  Melee: Long sword        |    98 |   115 |   466 ||   679
         Headbutt          |     6 |    17 |   109 ||   132
         Unarmed           |       |     2 |       ||     2
 Invoke: Heroism           |       |       |     6 ||     6
    Use: Potion            |     1 |       |     8 ||     9
         Scroll            |       |       |     8 ||     8
 Armour: Scale mail        |     8 |       |       ||     8
         Chain mail        |    84 |    88 |    22 ||   194
         Plate armour      |       |       |   213 ||   213
  Dodge: Dodged            |    61 |    63 |   169 ||   293
  Block: Buckler           |    38 |    38 |   113 ||   189
